 Dungeon Crawl Stone Soup version 0.29-a0-96-g93358da72b (webtiles) character file.

Game seed: 15945898639764725608

6 cyrus the Digger (level 1, 0/15 HPs)
             Began as a Naga Earth Elementalist on Feb 11, 2022.
             Slain by a ball python (3 damage)
             ... on level 1 of the Dungeon.
             The game lasted 00:01:17 (176 turns).

cyrus the Digger (Naga Earth Elementalist)           Turns: 176, Time: 00:01:20

Health: 0/15       AC:  1    Str: 10    XL:     1   Next: 90%
Magic:  0/3        EV:  9    Int: 15    God:
Gold:   0          SH:  3    Dex: 11    Spells: 3/4 levels left

rFire   . . .      SeeInvis +   d - +0 club
rCold   . . .      Faith    .   a - +0 buckler
rNeg    . . .      Spirit   .   b - +0 robe
rPois   +          Reflect  .   (no helmet)
rElec   .          Harm     .   (no cloak)
rCorr   .          Rampage  .   (no gloves)
Will    .....                   (no barding)
Stlth   ++........              (no amulet)
HPRegen 0.05/turn               (no ring)
MPRegen 0.08/turn               (no ring)

@: very slightly contaminated, very slow
A: AC +0, large, see invisible, deformed body, poison resistance, slowness 2,
spit poison 1, naga tail 1
a: Spit Poison


You were on level 1 of the Dungeon.
You visited 1 branch of the dungeon, and saw 1 of its levels.

Inventory:

Hand Weapons
 d - a +0 club (weapon)
Missiles
 c - 25 stones
Armour
 a - a +0 buckler (worn)
 b - a +0 robe (worn)


   Skills:
 + Level 1.5 Dodging
 + Level 3.0 Stealth
 + Level 2.2 Spellcasting
 + Level 1.0 Transmutations
 + Level 3.2 Earth Magic


You had 3 spell levels left.
You knew the following spells:

 Your Spells              Type           Power      Damage    Failure   Level
a - Sandblast             Erth           22%        2d7       8%          1

Your spell library contained the following spells:

 Spells                   Type           Power      Damage    Failure   Level
 Passwall                 Tmut/Erth      6%         N/A       17%         2
 Stone Arrow              Conj/Erth      12%        3d7       38%         3
 Petrify                  Tmut/Erth      8%         N/A       75%         4


Dungeon Overview and Level Annotations

Branches:
Dungeon (1/15)

Altars:


Innate Abilities, Weirdness & Mutations

Your serpentine skin is tough. (AC +0)
You have supernaturally acute eyesight. (SInv)
Armour fits poorly on your strangely shaped body.
Your system is resistant to poisons. (rPois)
You cover ground very slowly.
You can spit poison.
You have a snake-like lower body.


Message History

A ball python comes into view.
A hobgoblin comes into view.
The hobgoblin shouts! x2; The frilled lizard hisses angrily.
The kobold hits you but does no damage.
The kobold hits you with a +0 short sword.
The kobold barely misses you.
The kobold hits you with a +0 short sword. x2
* * * LOW HITPOINT WARNING * * *
Casting: Sandblast (safe; 8% risk of failure)
Confirm with . or Enter, or press ? or * to list all spells.
Aiming: Sandblast (safe; 8% risk of failure)
Press: ? - help, Shift-Dir - straight line, f - kobold
Aim: a kobold, wielding a +0 short sword (74% to hit)
The blast of sand hits the kobold!
You kill the kobold!
You closely miss the hobgoblin. The hobgoblin hits you.
* * * LOW HITPOINT WARNING * * *
The giant cockroach barely misses you.
You closely miss the giant cockroach. The giant cockroach closely misses you.
You hit the giant cockroach.
The giant cockroach is heavily wounded.
The giant cockroach closely misses you.
The giant cockroach bites you but does no damage.
Casting: Sandblast (safe; 8% risk of failure)
Confirm with . or Enter, or press ? or * to list all spells.
Aiming: Sandblast (safe; 8% risk of failure)
Press: ? - help, Shift-Dir - straight line, f - giant cockroach
Aim: a giant cockroach (heavily wounded, 79% to hit)
The blast of sand hits the giant cockroach.
You kill the giant cockroach!
The ball python bites you but does no damage.
Casting: Sandblast (safe; 8% risk of failure)
Confirm with . or Enter, or press ? or * to list all spells.
Aiming: Sandblast (safe; 8% risk of failure)
Press: ? - help, Shift-Dir - straight line, f - ball python
Aim: a ball python (77% to hit)
You miscast Sandblast.
You are very lightly contaminated with residual magic.
Nothing appears to happen.
The ball python bites you.
You die...

#.......g.....#
#............##
........###### #...$.#.##
#.....#..# #.....##l##
#+# ##### #gg# ##♣.♣####
##S# +..<..'.# #@#
##≈≈≈##.########.#####..#
#PPP#..................#
#####.#########..#####.#
#.# ##.## #.# #..# #.#
##.# #.# #######.####.##
#.# #...)..........


You could see 2 hobgoblins, a ball python and a frilled lizard.

Vanquished Creatures
  An endoplasm (D:1)
  A giant cockroach (D:1)
  2 goblins (D:1)
  A kobold (D:1)
5 creatures vanquished.

Notes
Turn   | Place    | Note
-------+----------+-------------------------------------------
     0 | D:1      | cyrus the Naga Earth Elementalist began the quest for the
                  | Orb.
     0 | D:1      | Reached XP level 1. HP: 15/15 MP: 3/3
   176 | D:1      | Slain by a ball python

Illustrated notes

Levels and vault maps discovered:
D:1:      tarquinn_simple_flora_water_e, layout_basic

Action                   || total
-------------------------++-------
Melee: Club              ||     3
       Unarmed           ||     1
 Cast: Sandblast         ||     5
Armor: Robe              ||     3
Dodge: Dodged            ||     4

Table legend: (Time is in decaauts)
 A = Elapsed time spent in this place.
 B = Non-inter-level travel time spent in this place.
 C = Inter-level travel time spent in this place.
 D = Time resting spent in this place.
 E = Time spent auto-exploring this place.
 F = Levels seen in this place.
 G = Mean time per level.
                   A        B        C        D        E       F      G
               +--------+--------+--------+--------+--------+-----+--------+
         Total |    204 |    204 |      0 |     88 |     46 |   1 |  204.0 |
       Dungeon |    204 |    204 |      0 |     88 |     46 |   1 |  204.0 |
               +--------+--------+--------+--------+--------+-----+--------+

Top non-repeatable levels by time:
     D:1: 204 daAuts
